 Dungeon Crawl Stone Soup version 0.31-a0-177-g4aa6249778 (webtiles) character file.

Game seed: 3505616693044326990

62 qw the Shooter (level 4, 0/39 HPs)
             Began as a Naga Hunter on June 18, 2023.
             Slain by a gnoll
             ... wielding a +2 antimagic spear
              (4 damage)
             ... on level 2 of the Dungeon.
             The game lasted 00:00:23 (959 turns).

qw the Shooter (Naga Hunter)                         Turns: 959, Time: 00:00:24

Health: 0/39       AC:  2    Str: 11 (13) XL:     4   Next: 8%
Magic:  1/4        EV:  9    Int:  9 (10) God:
Gold:   11         SH:  0    Dex: 16      Spells: 3/3 levels left

rFire   . . .        Y - +1 shortbow
rCold   . . .        (shield currently unavailable)
rNeg    . . .        c - +0 leather armour
rPois   +            (no helmet)
rElec   .            (no cloak)
rCorr   .            (no gloves)
SInv    +            (no barding)
Will    .....        (no amulet)
Stlth   ++           (no ring)
HPRegen 0.26/turn    (no ring)
MPRegen 0.09/turn

%: no passive effects
@: very slow
A: AC +1, large, see invisible, deformed body, poison resistance, slowness 2,
spit poison 1, naga tail 1
a: Spit Poison


You were on level 2 of the Dungeon.
You visited 1 branch of the dungeon, and saw 2 of its levels.

You collected 11 gold pieces.


Innate Abilities, Weirdness & Mutations

Your serpentine skin is tough. (AC +1)
You have supernaturally acute eyesight. (SInv)
Armour fits poorly on your strangely shaped body.
Your system is resistant to poisons. (rPois)
You cover ground very slowly.
You can spit poison.
You have a snake-like lower body.


   Skills:
 + Level 2.0 Fighting
 - Level 5.0 Ranged Weapons
 - Level 1.5 Dodging
 - Level 1.5 Stealth


You had 3 spell levels left.
You didn't know any spells.
Your spell library was empty.

Inventory:

Hand Weapons
 Y - a +1 shortbow (weapon)
Armour
 c - a +0 leather armour (worn)
Jewellery
 h - a ring of fire
Scrolls
 a - a scroll of revelation
 d - a scroll of fog {unknown}
 e - a scroll of blinking {unknown}
Potions
 b - a potion of cancellation {unknown}
 f - a potion of might {unknown}
 i - a potion of brilliance {unknown}

Dungeon Overview and Level Annotations

Branches:
Dungeon (2/15)

Altars:

Shops:
D:1 (

Annotations:
D:2 exclusion: 4 gnolls


Message History

Enter note:
Enter note:
Enter note: You have got your breath back.
The gnoll hits you from afar with a +2 antimagic spear.
Enter note:
Enter note: The gnoll hits you from afar with a +2 antimagic spear.
Enter note:
Enter note:
Enter note:
Enter note:
Enter note:
Enter note:
Enter note:
Enter note:
Enter note:
Enter note:
Enter note:
Enter note:
Enter note:
Enter note:
Enter note:
Enter note:
Enter note:
Enter note:
Enter note:
Enter note:
Enter note:
Enter note:
Enter note:
Enter note:
Enter note:
Enter note:
Enter note: The gnoll hits you from afar with a +2 antimagic spear.
The gnoll shouts!
The gnoll hits you from afar with a +2 antimagic spear.
The gnoll hits you from afar with a +2 antimagic spear.
You die...

#.#.#########.#*,,,,,,**,,,,,,
#.#...# #.#**+*******,****
####.###.##### #.# *,* *,*
####.###.##### #.# *,* *,*
####.###.##### #.# *,* *,*
####.....##### #.# *,* *,*
############## #.# *,* *,*
.....).####### #.# *,* *,*
######.#########@# *,* *,*
######......g.g..# *,* *,*
##################**,*******,*
############## *,,,,,,,,,,,,*
############## *,**,*********
############## *,**,,,,,,,,,*
############## *,**********,*
############## *,* *,*
############## *,**********,*


You could see 2 gnolls.

Vanquished Creatures
  An adder (D:2)
  2 gnolls
  A dart slug (D:1)
  A bat (D:1)
  3 endoplasms
  2 goblins (D:1)
  4 hobgoblins
  4 jackals (D:1)
  2 quokkas
  A ball python (D:2)
  A frilled lizard (D:2)
  5 kobolds
  3 rats (D:1)
30 creatures vanquished.

Notes
Turn   | Place    | Note
-------+----------+-------------------------------------------
     0 | D:1      | qw the Naga Hunter began the quest for the Orb.
     0 | D:1      | Reached XP level 1. HP: 19/19 MP: 1/1
     0 | D:1      | 0 ||| qw: Version: 0.3-a-5-g6f28e65
     0 | D:1      | 0 ||| qw: Game counter: 534
     0 | D:1      | 0 ||| qw: Always use a shield: true
     0 | D:1      | 0 ||| qw: God list: Okawaru
     0 | D:1      | 0 ||| qw: Allow faded altars: false
     0 | D:1      | 0 ||| qw: Do Orc after D:15 true
     0 | D:1      | 0 ||| qw: Do second Lair branch before Depths: true
     0 | D:1      | 0 ||| qw: Lair rune preference: random
     0 | D:1      | 0 ||| qw: Plans: Normal
     0 | D:1      | 0 ||| PLANNING D:1-11
    27 | D:1      | Found Fizig's Antique Weapon Boutique.
    38 | D:1      | 38 ||| DRINKING 3 white potions.
    52 | D:1      | 52 ||| INVOKING Spit Poison.
    82 | D:1      | 82 ||| INVOKING Spit Poison.
    83 | D:1      | Reached skill level 4 in Ranged Weapons
    83 | D:1      | Reached XP level 2. HP: 26/26 MP: 2/2
    85 | D:1      | 85 ||| Stepping ~*~*~tactically~*~*~ (outnumbered).
    86 | D:1      | 86 ||| INVOKING Spit Poison.
    89 | D:1      | 89 ||| INVOKING Spit Poison.
    94 | D:1      | 94 ||| INVOKING Spit Poison.
   198 | D:1      | 198 ||| INVOKING Spit Poison.
   231 | D:1      | 231 ||| INVOKING Spit Poison.
   276 | D:1      | Reached XP level 3. HP: 32/32 MP: 3/3
   279 | D:1      | Found a faded altar of an unknown god.
   302 | D:1      | 302 ||| INVOKING Spit Poison.
   372 | D:1      | 372 ||| INVOKING Spit Poison.
   373 | D:1      | 373 ||| INVOKING Spit Poison.
   424 | D:1      | 424 ||| DROPPING +6 ring of intelligence.
   425 | D:1      | 425 ||| READING scroll labelled OSYBBE UZUHEAN.
   426 | D:1      | 426 ||| DROPPING scroll of butterflies.
   427 | D:1      | 427 ||| INVOKING Spit Poison.
   496 | D:1      | 496 ||| INVOKING Spit Poison.
   589 | D:1      | 589 ||| INVOKING Spit Poison.
   701 | D:1      | 701 ||| READING scroll labelled YVVAMU OCASCHEO.
   706 | D:1      | 706 ||| DROPPING 2 potions of degeneration.
   760 | D:2      | 760 ||| INVOKING Spit Poison.
   784 | D:2      | 784 ||| INVOKING Spit Poison.
   789 | D:2      | 789 ||| INVOKING Spit Poison.
   814 | D:2      | 814 ||| INVOKING Spit Poison.
   817 | D:2      | 817 ||| INVOKING Spit Poison.
   822 | D:2      | 822 ||| INVOKING Spit Poison.
   826 | D:2      | 826 ||| INVOKING Spit Poison.
   832 | D:2      | 832 ||| INVOKING Spit Poison.
   941 | D:2      | 941 ||| INVOKING Spit Poison.
   942 | D:2      | 942 ||| Stepping ~*~*~tactically~*~*~ (outnumbered).
   944 | D:2      | 944 ||| Stepping ~*~*~tactically~*~*~ (outnumbered).
   945 | D:2      | 945 ||| INVOKING Spit Poison.
   946 | D:2      | Reached skill level 5 in Ranged Weapons
   946 | D:2      | Reached XP level 4. HP: 29/39 MP: 4/4
   949 | D:2      | 949 ||| READING 2 scrolls labelled WIUPSI CUOH.
   950 | D:2      | HP: 9/39 [gnoll/+2 antimagic spear (2)]
   952 | D:2      | HP: 4/39 [gnoll/+2 antimagic spear (6)]
   957 | D:2      | HP: 3/39 [gnoll/+2 antimagic spear (2)]
   959 | D:2      | Slain by a gnoll

Levels and vault maps discovered:
D:1:      ncdulo_watergridlock, layout_loops_ring,
          dreamdust_ecumenical_altar_grove, serial_glass, glass_columns_a,
          glass_columns_a, minmay_strange_pillars, due_unseen_surprise,
          feat_on_display, serial_shops, shop
D:2:      layout_basic

Skill      XL: |  1  2  3 |
---------------+----------+-----
Ranged Weapons | 4 5 |  5.0
Fighting       | |  2.0
Dodging        | |  1.5
Stealth        | |  1.5

Action                     |  1- 3 |  4- 6 || total
---------------------------+-------+-------++-------
   Fire: Shortbow          |    51 |     3 ||    54
Ability: Spit Poison       |    22 |       ||    22
    Use: Potion            |     1 |       ||     1
         Scroll            |     2 |     1 ||     3
 Armour: Leather armour    |     8 |       ||     8
  Dodge: Dodged            |     7 |     1 ||     8

Table legend:
 A = Non-vault XP
 B = Vault XP
 C = Vault XP percentage of total XP
 D = Non-vault monster count
 E = Vault monster count
 F = Vault count percentage of total count
                 A         B        C        D         E       F
            +---------+---------+-------+---------+---------+-------
      Total |      89 |       0 |   0.0 |      30 |       0 |   0.0
            +---------+---------+-------+---------+---------+-------
        D:1 |      47 |       0 |   0.0 |      20 |       0 |   0.0
        D:2 |      42 |       0 |   0.0 |      10 |       0 |   0.0
            +---------+---------+-------+---------+---------+-------
